 Dungeon Crawl Stone Soup version 0.21.1-1-g345015f (webtiles) character file.

70 troglodite the Skirmisher (level 4, -2/37 HPs)
             Began as a Demonspawn Berserker on July 24, 2018.
             Was a Believer of Trog.
             Slain by an orc
             ... wielding a +0 hand axe
              (3 damage)
             ... on level 3 of the Dungeon.
             The game lasted 00:10:40 (2151 turns).

troglodite the Skirmisher (Demonspawn Berserker)    Turns: 2151, Time: 00:10:42

Health: -2/37      AC:  5    Str: 17    XL:     4   Next: 4%
Magic:  4/4        EV: 11    Int:  9    God:    Trog [**....]
Gold:   104        SH:  0    Dex: 13    Spells: 3/3 levels left

rFire    . . .     SeeInvis .   a - +1 falchion
rCold    . . .     Gourm    .   (no shield)
rNeg     . . .     Faith    .   i - -1 ring mail (curse)
rPois    .         Spirit   .   (helmet restricted)
rElec    .         Reflect  .   (no cloak)
rCorr    .         Harm     .   m - +0 pair of gloves
MR       .....     Rnd*Tele +   (no boots)
Stlth    +.........             j - amulet of inaccuracy (curse)
HPRegen  0.12/turn              h - ring of teleportation (curse)
MPRegen  0.09/turn              (no ring)

@: berserk cooldown
A: antennae 1, rot immunity
a: Berserk, Trog's Hand, Burn Spellbooks, Renounce Religion


You were on level 3 of the Dungeon.
You worshipped Trog.
Trog was pleased with you.
You were not hungry.

You visited 1 branch of the dungeon, and saw 3 of its levels.

You collected 104 gold pieces.

Inventory:

Hand Weapons
 a - a +1 falchion (weapon)
Armour
 b - a +0 ring mail
 i - a cursed -1 ring mail (worn)
 m - a +0 pair of gloves (worn)
Jewellery
 h - a cursed ring of teleportation (left hand)
 j - a cursed amulet of inaccuracy (around neck)
Scrolls
 e - 2 scrolls of teleportation
Potions
 d - a potion of agility
 f - a potion of haste {unknown}
 g - a potion of might
 k - a potion of cancellation
 o - a potion of flight {unknown}
Comestibles
 c - 4 rations
 n - 4 chunks of flesh


   Skills:
 * Level 3.7 Fighting
 + Level 3.5 Long Blades
 * Level 2.2 Armour
 * Level 1.9 Dodging
 + Level 0.7 Stealth


You had 3 spell levels left.
You didn't know any spells.

Dungeon Overview and Level Annotations

Branches:
Dungeon (3/15)

Altars:
Yredelemnul
Zin


Innate Abilities, Weirdness & Mutations

You have a pair of small antennae on your head.
You are immune to rotting.


Message History

The orc wizard is moderately wounded.
The orc hits you but does no damage. The orc wizard casts a spell at you.
The puff of flame hits you!
* * * LOW HITPOINT WARNING * * *
The orc barely misses you. The orc hits you but does no damage.
You barely miss the orc.
The orc is heavily wounded.
The orc wizard completely misses you. The orc closely misses you.
The orc hits you with a falchion.
* * * LOW HITPOINT WARNING * * *
The orc hits you but does no damage. The orc wizard hits you with a dagger.
* * * LOW HITPOINT WARNING * * *
You miss the orc.
The orc is heavily wounded.
The orc hits you but does no damage. The orc barely misses you.
You riposte.
You miss the orc.
The orc is heavily wounded.
The orc hits you with a hand axe.
You die...

.....≈≈≈≈≈≈≈≈≈≈#
##..##≈≈####≈≈##
....#####
##≈#.#### .#
..#..#
#≈#....###.#
..##.#
#≈##........ ..#
.# #≈##........
..# ##
≈≈##........ ..#
≈≈≈#oo......
##@o......
#.o#.#####
##..>...#
####[.... ##.#.
.# #


You could see an orc wizard and 3 orcs.

Vanquished Creatures
  An adder (D:3)
  An ooze (D:2)
  A worm (D:2)
  3 dart slugs (D:2)
  3 leopard geckos
  An orc (D:3)
  6 bats
  3 giant cockroaches
  2 gnoll zombies (D:2)
  2 hobgoblins
  2 jackals (D:1)
  2 quokkas (D:2)
  A ball python (D:1)
  5 frilled lizards
  3 goblins
  3 kobolds
  5 rats
44 creatures vanquished.

Notes
Turn   | Place    | Note
-------+----------+-------------------------------------------
     0 | D:1      | troglodite the Demonspawn Berserker began the quest for the Orb.
     0 | D:1      | Reached XP level 1. HP: 18/18 MP: 1/1
   238 | D:1      | Gained mutation: You have a pair of small antennae on your head. [demonic ancestry]
   238 | D:1      | Reached XP level 2. HP: 14/24 MP: 2/2
  1237 | D:2      | Reached ** piety under Trog
  1340 | D:2      | Reached XP level 3. HP: 28/29 MP: 3/3
  1492 | D:2      | Found a glowing silver altar of Zin.
  1558 | D:2      | Found a basalt altar of Yredelemnul.
  2102 | D:3      | Gained mutation: You are immune to rotting. [demonic ancestry]
  2102 | D:3      | Reached XP level 4. HP: 28/37 MP: 4/4
  2150 | D:3      | HP: 1/37 [orc wizard/dagger (2)]
  2151 | D:3      | Slain by an orc

Skill      XL: |  1  2  3 |
---------------+----------+-----
Long Blades    | 3 |  3.5
Armour         | 2 |  2.2
Fighting       | |  3.7
Dodging        | |  1.9
Stealth        | |  0.7

Action                   |  1- 3 |  4- 6 || total
-------------------------+-------+-------++-------
Melee: Falchion          |   140 |    12 ||   152
Invok: Berserk           |     2 |       ||     2
  Use: Scroll            |     6 |       ||     6
  Eat: Chunk             |     4 |     2 ||     6
Armor: Animal skin       |     8 |       ||     8
       Ring mail         |    32 |    10 ||    42
Dodge: Dodged            |   105 |    13 ||   118
       Rpst.: Falchion   |    31 |     4 ||    35
